 Dungeon Crawl Stone Soup version 0.22-a0-469-gf26638a71f (webtiles) character file.

8856 123456 the Geomancer (level 11, -2/54 HPs)
             Began as a Gargoyle Earth Elementalist on June 13, 2018.
             Was an Elder of Vehumet.
             Slain by Snorg (16 damage)
             ... on level 10 of the Dungeon.
             The game lasted 00:56:25 (11640 turns).

123456 the Geomancer (Gargoyle Earth Elementalist) Turns: 11640, Time: 00:56:26

Health: -2/54      AC: 18    Str: 11    XL:     11   Next: 37%
Magic:  4/24       EV: 12    Int: 20    God:    Vehumet [****..]
Gold:   542        SH:  0    Dex: 14    Spells: 16/28 levels left

rFire    + . .     SeeInvis .   H - +3 falchion of the King {protect, rPois rF+ Dex+4 Stlth-}
rCold    . . .     Gourm    .   (no shield)
rNeg     + . .     Faith    .   P - +0 troll leather armour
rPois    ∞         Spirit   .   n - +1 helmet
rElec    +         Reflect  .   c - +0 cloak
rCorr    .         Harm     .   v - +0 pair of gloves
MR       +....                  (no boots)
Stlth    +.........             (no amulet)
HPRegen  0.58/turn              s - ring of protection from magic
MPRegen  0.19/turn              j - ring of wizardry

@: no status effects
A: negative energy resistance 1, electricity resistance, unbreathing,
petrification resistance, rot immunity, AC +8
a: Renounce Religion


You were on level 10 of the Dungeon.
You worshipped Vehumet.
Vehumet was greatly pleased with you.
You were not hungry.

You visited 1 branch of the dungeon, and saw 10 of its levels.
You also visited: Sewer.

You collected 542 gold pieces.

Inventory:

Hand Weapons
 H - the +3 falchion of the King (weapon) {protect, rPois rF+ Dex+4 Stlth-}
   (You found it on level 4 of the Dungeon)

   It protects the one who uses it against injury (+AC on strike).
   It affects your dexterity (+4).
   It protects you from fire.
   It protects you from poison.
   It makes you less stealthy.
Armour
 c - a +0 cloak (worn)
 n - a +1 helmet (worn)
 v - a +0 pair of gloves (worn)
 x - a +0 shield
 P - a +0 troll leather armour (worn)
 T - a +4 plate armour
Magical Staves
 b - an uncursed staff of wizardry
 N - an uncursed staff of earth
Jewellery
 e - an uncursed ring of fire
 j - a ring of wizardry (right hand)
 s - a ring of protection from magic (left hand)
 K - the ring of the Slug {-Tele rC+++ Str+6 Dex+4}
   (You found it on level 7 of the Dungeon)

   [ring of strength]

   It affects your strength (+6).
   It affects your dexterity (+4).
   It renders you almost immune to cold.
   It prevents most forms of teleportation.
Wands
 f - a wand of disintegration (35)
 w - a wand of scattershot (5)
 B - a wand of random effects (41)
 C - a wand of enslavement (24)
 G - a wand of polymorph (19)
 O - a wand of acid (12)
Scrolls
 h - 3 scrolls of fog
 l - a scroll of enchant armour
 m - 4 scrolls of enchant weapon
 p - a scroll of amnesia
 q - a scroll of magic mapping
 r - 4 scrolls of remove curse
 u - a scroll of noise {unknown}
 y - 5 scrolls of teleportation
 z - a scroll of immolation {unknown}
 L - a scroll of random uselessness {unknown}
 M - 2 scrolls of identify
 Q - a scroll of blinking {unknown}
 R - a scroll of brand weapon {unknown}
Potions
 a - 4 potions of brilliance
 g - a potion of mutation {unknown}
 i - 6 potions of curing
 k - 4 potions of flight
 o - 3 potions of degeneration
 t - 4 potions of invisibility
 A - 2 potions of lignification
 D - a potion of haste
 E - 3 potions of might
 F - 4 potions of heal wounds
 I - 3 potions of cancellation {unknown}
 J - a potion of ambrosia {unknown}
Comestibles
 d - 18 rations
 S - 4 chunks of flesh


   Skills:
 + Level 6.4 Long Blades
 * Level 6.4 Armour
 - Level 1.5 Dodging
 - Level 2.1 Stealth
 - Level 9.4 Spellcasting
 + Level 1.4 Conjurations
   Level 0.7 Transmutations
 - Level 12.9 Earth Magic


You had 16 spell levels left.
You knew the following spells:

 Your Spells              Type           Power        Failure   Level  Hunger
a - Sandblast             Erth           ######       1%          1    None
b - Stone Arrow           Conj/Erth      #####.       1%          3    None
c - Lee's Rapid Deconstr  Erth           ######....   1%          5    #####..
d - Mephitic Cloud        Conj/Pois/Air  ##......     2%          3    None

Your spell library contained the following spells:

 Spells                   Type           Power        Failure   Level  Hunger
 Venom Bolt               Conj/Pois      ##........   19%         5    #####..
 Olgreb's Toxic Radiance  Pois           #.......     11%         4    ###....
 Sting                    Conj/Pois      ##..         1%          1    None
 Passwall                 Tmut/Erth      #####...     1%          2    None
 Petrify                  Tmut/Erth      #####...     2%          4    ###....
 Poisonous Vapours        Pois/Air       #.....       6%          2    None


Dungeon Overview and Level Annotations

Branches:
Dungeon (10/15)            Temple (0/1) D:7             Orc (0/2) D:9
   Lair: D:8-11

Altars:
Ashenzari
Fedhas
Hepliaklqana
Kikubaaqudgha
Makhleb
Nemelex Xobeh
Okawaru
Qazlal
Ru
Sif Muna
Uskayaw
Vehumet
Wu Jian
Xom
Yredelemnul
The Shining One

Annotations:
D:10 Snorg


Innate Abilities, Weirdness & Mutations

You are resistant to torment.
Your stone body is resilient. (AC +8)
You are immune to poison.
You resist negative energy. (rN+)
You are resistant to electric shocks. (rElec)
You can survive without breathing.
You are immune to petrification.
You are immune to rotting.


Message History

The stone arrow hits Snorg.
Snorg is severely wounded.
Snorg completely misses you.
You riposte.
You closely miss Snorg.
Snorg is severely wounded.
Snorg misses you. Snorg barely misses you.
Casting: Stone Arrow (safe; 1% risk of failure)
Confirm with . or Enter, or press ? or * to list all spells.
Aiming: Stone Arrow (safe; 1% risk of failure)
Press: ? - help, Shift-Dir - straight line, f/p - Snorg
Aim: Snorg (severely wounded, berserk, fast, unusually strong)
The stone arrow hits Snorg.
Snorg is severely wounded.
Snorg bites you!! Snorg claws you but does no damage.
Snorg completely misses you. Snorg barely misses you.
You riposte.
You closely miss Snorg.
Snorg is severely wounded.
Snorg claws you!
* * * LOW HITPOINT WARNING * * *
Snorg claws you!
You die...

........# .....# .......#
....# ......######...#
#######.....#....#...+
#...........#....#...###
#...........#....#...#..
#...........#....#...#..
#...#...........#....'..T'..
#...# #...#@..#)###'##...#..
#.....#...#.T.#......#####..
#.(...#...#...#......# #..
+.....#...'...'......# #..
#.....#...#...#......# #..
#....≈≈≈≈≈#...#......# #..
###+≈≈.).≈≈...######## #..
#...≈...§.≈..........
#...≈.§§..≈..........


You could see Snorg (berserk).

Vanquished Creatures
  Erica (D:10)
  A two-headed ogre (D:8)
  The ghost of Foic the Grappler, a novice TrFi of Cheibriados (D:6)
  Psyche (D:8)
  The ghost of splatterpode the Insei, a novice OpTm of Makhleb (D:4)
  A queen bee (D:8)
  A troll (D:8)
  Sigmund (D:2)
  2 wraiths (D:6)
  Menkaure (D:4)
  2 water moccasins
  5 orc warriors
  2 sky beasts
  2 necrophages (D:6)
  4 ogres
  A phantom (D:5)
  2 centaurs
  The ghost of JUnderhill the Chiller, an amateur DsIE (D:3)
  A big kobold (Sewer)
  4 bullfrogs
  A scorpion (D:4)
  29 killer bees
  5 wights (D:9)
  5 howler monkeys
  3 crimson imps
  A bullfrog zombie (D:9)
  3 quasits
  2 centaur zombies
  An iron imp (D:6)
  A jelly (D:8)
  2 orc priests
  8 orc wizards
  3 hounds
  Crazy Yiuf (D:4)
  A centaur skeleton (D:10)
  A bullfrog skeleton (D:5)
  Natasha (thrice) (D:2)
  5 iguanas
  4 worker ants
  A hound zombie (D:10)
  2 hound skeletons
  A worker ant zombie (D:9)
  Robin (D:2)
  4 gnolls (D:3)
  21 adders
  6 river rats (Sewer)
  4 shadow imps
  An ooze (Sewer)
  2 adder skeletons
  4 worms
  2 dart slugs (D:1)
  5 leopard geckos
  32 orcs
  3 ball pythons (Sewer)
  4 giant cockroaches
  12 goblins
  9 hobgoblins
  2 jackals
  A quokka (D:6)
  A ball python skeleton (D:4)
  5 bats
  9 frilled lizards
  2 hobgoblin zombies (D:6)
  23 kobolds
  3 kobold zombies (D:6)
  2 orc skeletons (D:6)
  An orc zombie (D:6)
  A quokka skeleton (D:5)
  27 rats
305 creatures vanquished.

Vanquished Creatures (others)
  A two-headed ogre (D:10)
  A black bear (D:10)
  A scorpion (D:10)
  A centaur skeleton (D:10)
  A jackal (D:10)
5 creatures vanquished.

Grand Total: 310 creatures vanquished

Notes
Turn   | Place    | Note
-------+----------+-------------------------------------------
     0 | D:1      | 123456 the Gargoyle Earth Elementalist began the quest for the Orb.
     0 | D:1      | Reached XP level 1. HP: 10/10 MP: 3/3
   137 | D:1      | Reached skill level 4 in Earth Magic
   213 | D:1      | Reached XP level 2. HP: 15/15 MP: 5/5
   694 | D:1      | Reached XP level 3. HP: 19/19 MP: 3/6
   734 | D:1      | Learned a level 3 spell: Stone Arrow
  1217 | D:2      | Noticed Natasha
  1228 | D:2      | Killed Natasha
  1228 | D:2      | Reached skill level 5 in Earth Magic
  1228 | D:2      | Reached XP level 4. HP: 19/24 MP: 4/8
  1455 | D:2      | Noticed Natasha
  1462 | D:2      | Killed Natasha
  1569 | D:2      | Noticed Robin
  1569 | D:2      | Noticed Natasha
  1728 | D:2      | Killed Natasha
  1728 | D:2      | Reached XP level 5. HP: 19/28 MP: 4/10
  1829 | D:2      | Killed Robin
  2076 | D:2      | Noticed Sigmund
  2158 | D:2      | Killed Sigmund
  2158 | D:2      | Reached skill level 6 in Earth Magic
  2158 | D:2      | Reached XP level 6. HP: 20/32 MP: 2/12
  2648 | D:2      | Found a shimmering altar of Xom.
  2649 | D:2      | Found a hazy altar of Hepliaklqana.
  2650 | D:2      | Noticed a spectral ugly thing
  2822 | D:3      | Learned a level 5 spell: Lee's Rapid Deconstruction
  2841 | D:3      | Reached skill level 7 in Earth Magic
  2941 | D:3      | Noticed JUnderhill's ghost (amateur DsIE)
  3210 | D:3      | Killed JUnderhill's ghost
  3210 | D:3      | Reached XP level 7. HP: 28/36 MP: 10/14
  3506 | D:4      | Found a shattered altar of Ashenzari.
  3702 | D:4      | Noticed Menkaure
  3741 | D:4      | Noticed splatterpode's ghost (novice OpTm)
  3785 | D:4      | Killed splatterpode's ghost
  3785 | D:4      | Reached skill level 5 in Spellcasting
  3785 | D:4      | Reached skill level 8 in Earth Magic
  4009 | D:4      | Found a glowing drain.
  4013 | Sewer    | Entered a sewer
  4085 | Sewer    | Reached XP level 8. HP: 40/41 MP: 9/16
  4962 | D:4      | Reached skill level 9 in Earth Magic
  5101 | D:4      | Killed Menkaure
  5129 | D:4      | Found a runed door.
  5248 | D:4      | Noticed Crazy Yiuf
  5249 | D:4      | Killed Crazy Yiuf
  5302 | D:4      | Got a steaming falchion
  5303 | D:4      | Identified the cursed +3 falchion of the King {protect, rPois rF+ Dex+4 Stlth-} (You found it on level 4 of the Dungeon)
  5346 | D:5      | Entered Level 5 of the Dungeon
  5405 | D:5      | Found a radiant altar of Vehumet.
  5422 | D:5      | Became a worshipper of Vehumet
  6021 | D:5      | Found a burning altar of Makhleb.
  6162 | D:5      | Found a stormy altar of Qazlal.
  6211 | D:5      | Reached skill level 1 in Armour
  6246 | D:5      | Found an iron altar of Okawaru.
  6297 | D:5      | Reached skill level 1 in Long Blades
  6520 | D:6      | Reached * piety under Vehumet
  6520 | D:6      | Offered knowledge of Freeze by Vehumet.
  6538 | D:6      | Reached XP level 9. HP: 45/45 MP: 10/19
  6566 | D:6      | Found a glowing golden altar of the Shining One.
  6597 | D:6      | Noticed Foic's ghost (novice TrFi)
  6623 | D:6      | Killed Foic's ghost
  6623 | D:6      | Reached skill level 10 in Earth Magic
  6929 | D:6      | Found a sacrificial altar of Ru.
  6969 | D:6      | Found a transporter.
  7218 | D:6      | Found an ancient bone altar of Kikubaaqudgha.
  7223 | D:6      | Found a basalt altar of Yredelemnul.
  7248 | D:6      | Found a transporter.
  7318 | D:6      | Found a blossoming altar of Fedhas.
  7488 | D:6      | Reached ** piety under Vehumet
  7495 | D:6      | Offered knowledge of Flame Tongue by Vehumet.
  7496 | D:6      | Reached skill level 11 in Earth Magic
  7528 | D:6      | Learned a level 3 spell: Mephitic Cloud
  7565 | D:7      | Reached XP level 10. HP: 41/50 MP: 19/21
  8019 | D:7      | Found a staircase to the Ecumenical Temple.
  8303 | D:7      | Got a transparent steel ring
  8312 | D:7      | Identified the ring of the Slug {-Tele rC+++ Str+6 Dex+4} (You found it on level 7 of the Dungeon)
  8645 | D:7      | Found a sparkling altar of Nemelex Xobeh.
  8764 | D:7      | Found an ornate altar of the Wu Jian Council.
  8811 | D:7      | Reached skill level 5 in Armour
  8869 | D:8      | Noticed Psyche
  8877 | D:8      | Killed Psyche
  8878 | D:8      | Found a hide-covered altar of Uskayaw.
  9008 | D:8      | Reached skill level 5 in Long Blades
  9020 | D:8      | Found a hide-covered altar of Uskayaw.
  9083 | D:8      | Offered knowledge of Static Discharge by Vehumet.
  9405 | D:8      | Reached *** piety under Vehumet
  9894 | D:8      | Found a deep blue altar of Sif Muna.
  9985 | D:8      | Noticed a two-headed ogre
  9998 | D:8      | Killed a two-headed ogre
  9998 | D:8      | Reached skill level 12 in Earth Magic
 10239 | D:8      | Reached XP level 11. HP: 38/54 MP: 13/24
 10475 | D:8      | Offered knowledge of Ignite Poison by Vehumet.
 10548 | D:9      | Found a staircase to the Orcish Mines.
 10941 | D:9      | Reached **** piety under Vehumet
 11040 | D:9      | Offered knowledge of Inner Flame by Vehumet.
 11250 | D:10     | Entered Level 10 of the Dungeon
 11255 | D:10     | Noticed a two-headed ogre
 11263 | D:10     | Found a shimmering altar of Xom.
 11272 | D:10     | Killed a two-headed ogre
 11448 | D:10     | Noticed Erica
 11492 | D:10     | Killed Erica
 11492 | D:10     | Reached skill level 1 in Conjurations
 11614 | D:10     | Noticed Snorg
 11640 | D:10     | Slain by Snorg

Vault maps used:
D:1:      ncdulo_halloftheorcs, nrook_uturn, minmay_misc_feat_room,
          serial_bayou_ford_a, minmay_nonomino_d4
D:2:      regret_index_temple_of_mockery, grunt_ministairs_6, uniq_robin,
          uniq_natasha, uniq_sigmund
D:4:      old_standard_altar, first_ration, gup_sewer_entry_bowl, uniq_menkaure,
          uniq_crazy_yiuf_cottage
D:5:      fiery_altar_vehumet, makhleb_heckhound_becter,
          nicolae_qazlal_eye_of_the_storm, okawaru_trees_2, minmay_liquid_box
D:6:      nicolae_tso_besieged_by_evil, lemuel_round_altar,
          gammafunk_temple_of_torment, kennysheep_mini
D:7:      kennysheep_mini_moat, lemuel_coloured_pillars_altar,
          minmay_temple_entry_hall
D:8:      old_standard_altar, basic_altar, david_nohive_1,
          minmay_misc_feat_secret_circle, corexii_corridor_pit, st_stairs_12,
          tgw_sif, uniq_psyche
D:9:      david_orc_3
D:10:     lair_entry_dummy, hangedman_glass_teeth, nrook_mini_vaults,
          xom_confusion_cloud, uniq_maurice, uniq_erica, uniq_snorg
Sewer:    sewer_minmay_treatment

Skill      XL: |  1  2  3  4  5  6  7  8  9 10 11 |
---------------+----------------------------------+-----
Earth Magic    | 4 5 6 7 8 9 11 12 | 12.9
Spellcasting   | 3 4 5 7 9 |  9.4
Armour         | 1 4 5 6 |  6.4
Long Blades    | 1 4 5 6 |  6.4
Conjurations   | 1 |  1.4
Dodging        | |  1.5
Stealth        | |  2.1
Transmutations | |  0.7

Action                   |  1- 3 |  4- 6 |  7- 9 | 10-12 || total
-------------------------+-------+-------+-------+-------++-------
Melee: Dagger            |    60 |   118 |       |       ||   178
       Spear             |       |    22 |   161 |       ||   183
       Scythe            |       |    16 |       |       ||    16
       Falchion          |       |       |   225 |   257 ||   482
 Cast: Sandblast         |    21 |    52 |    78 |   125 ||   276
       Stone Arrow       |     1 |     1 |       |    27 ||    29
       Lee's Rapid Decon |       |       |     5 |     5 ||    10
       Mephitic Cloud    |       |       |       |     2 ||     2
  Use: Scroll            |       |       |     9 |     7 ||    16
 Stab: Sleeping          |     3 |     2 |     6 |       ||    11
  Eat: Chunk             |     1 |     7 |    14 |     6 ||    28
       Ration            |       |       |     1 |     2 ||     3
Armor: Robe              |    22 |    75 |    55 |       ||   152
       Ring mail         |       |       |   218 |   206 ||   424
       Troll leather arm |       |       |       |    94 ||    94
       Plate armour      |       |       |       |     1 ||     1
Dodge: Dodged            |    45 |   131 |   230 |   263 ||   669
       Rpst.: Falchion   |       |       |    42 |    82 ||   124

Table legend:
 A = Spawn XP
 B = Non-spawn XP
 C = Spawn XP percentage of total XP
 D = Spawn monster count
 E = Non-spawn monster count
 F = Spawn count percentage of total count
 G = Total turns spent on level
                    A         B        C        D         E        F      G
               +---------+---------+-------+---------+---------+-------+---------
         Total |       0 |   12652 |   0.0 |       0 |     305 |   0.0 | 11640
               +---------+---------+-------+---------+---------+-------+---------
           D:1 |       0 |      56 |   0.0 |       0 |      33 |   0.0 |  1406
           D:2 |       0 |     420 |   0.0 |       0 |      27 |   0.0 |  1525
           D:3 |       0 |     183 |   0.0 |       0 |      14 |   0.0 |   562
           D:4 |       0 |     903 |   0.0 |       0 |      17 |   0.0 |  1017
           D:5 |       0 |     469 |   0.0 |       0 |      25 |   0.0 |  1095
           D:6 |       0 |    2098 |   0.0 |       0 |      37 |   0.0 |  1061
           D:7 |       0 |     917 |   0.0 |       0 |      18 |   0.0 |  1595
           D:8 |       0 |    4825 |   0.0 |       0 |      51 |   0.0 |  1389
           D:9 |       0 |    1284 |   0.0 |       0 |      23 |   0.0 |   769
          D:10 |       0 |    1223 |   0.0 |       0 |      12 |   0.0 |   354
         Sewer |       0 |     274 |   0.0 |       0 |      48 |   0.0 |   867
               +---------+---------+-------+---------+---------+-------+---------
